| TOP OF THE 1ST |
|
Trois-Riveres Aigles batting - Pitching for York Revolution : RHP Elijah McKay
|
|
Pitching: RHP Elijah McKay
|
|
|
Batting: SHB Josif Popovski
|
0-0: Foul Ball, location: 2F 0-1: Swinging Strike 0-2: Strikes out swinging
|
|
Batting: RHB Micah Logan
|
0-0: Ball 1-0: Ball 2-0: Ground out 5-3 (Groundball, 56, EV 105.6 MPH)
|
|
Batting: SHB Derek Weaver
|
0-0: Swinging Strike 0-1: Ball 1-1: Foul Ball, location: 2F 1-2: Ball 2-2: Ball 3-2: Base on Balls
|
|
Batting: RHB Alistair Holmes
|
0-0: Ball Wild Pitch! Derek Weaver to second 1-0: Called Strike 1-1: DOUBLE (Groundball, 3L, EV 102.5 MPH) Derek Weaver scores
|
|
Batting: SHB Shafeeq bin Haytham
|
0-0: Ball 1-0: Foul Ball, location: 2F 1-1: Swinging Strike 1-2: Strikes out swinging
|
| Top of the 1st over - 1 run, 1 hit, 0 errors, 1 left on base; Trois-Riveres 1 - York 0 |
| BOTTOM OF THE 1ST |
|
York Revolution batting - Pitching for Trois-Riveres Aigles : RHP Jose Hinojosa
|
|
Pitching: RHP Jose Hinojosa
|
|
|
Batting: LHB Quincy Smart
|
0-0: Ball 1-0: Called Strike 1-1: Hit by Pitch
|
|
Batting: RHB Dan Shaffer
|
0-0: Called Strike 0-1: Swinging Strike 0-2: SINGLE (Groundball, 34D, EV 103.8 MPH) (infield hit) Quincy Smart to second
|
|
Batting: LHB Mike Hawk
|
0-0: Called Strike 0-1: Called Strike 0-2: SINGLE (Groundball, 4MD, EV 94.4 MPH) Quincy Smart to third Dan Shaffer to second
|
|
Batting: RHB Juan Gonzalez
|
0-0: Foul Ball, location: 2F 0-1: Ball 1-1: Ball 2-1: SINGLE (Line Drive, 6M, EV 103.8 MPH) Quincy Smart scores Dan Shaffer to third Mike Hawk to second
|
|
Batting: RHB Alexis Graciani
|
0-0: Called Strike 0-1: Ball 1-1: Ball 2-1: Called Strike 2-2: Ball 3-2: SINGLE (Groundball, 6MD, EV 94.4 MPH) Dan Shaffer scores Mike Hawk to third Juan Gonzalez to second
|
|
Batting: RHB Josh Jarvis
|
0-0: Ball 1-0: Swinging Strike 1-1: Called Strike 1-2: Strikes out swinging
|
|
Batting: RHB Jonathan Steria
|
0-0: Ball 1-0: Foul Ball, location: 2F 1-1: Ball 2-1: SINGLE (Groundball, 25, EV 66.9 MPH) (infield hit) Mike Hawk scores Juan Gonzalez to third Alexis Graciani to second
|
|
Batting: LHB Skyler Bright
|
0-0: Ball 1-0: Ball 2-0: Swinging Strike 2-1: SINGLE (Flyball, 9S, EV 89.4 MPH) Juan Gonzalez scores Alexis Graciani to third Jonathan Steria to second
|
|
Batting: RHB Justin Crowder
|
0-0: Ball 1-0: Foul Ball, location: 2F 1-1: SINGLE (Groundball, 56S, EV 66.2 MPH) (infield hit) Alexis Graciani scores Jonathan Steria to third Skyler Bright to second
|
|
Pitching: RHP Andrew Wilson
|
|
|
Batting: LHB Quincy Smart
|
0-0: Called Strike 0-1: Grounds into double play, 4-6-3 (Groundball, 4, EV 83.8 MPH)
|
| Bottom of the 1st over - 5 runs, 7 hits, 0 errors, 2 left on base; Trois-Riveres 1 - York 5 |
| TOP OF THE 2ND |
|
Trois-Riveres Aigles batting - Pitching for York Revolution : RHP Elijah McKay
|
|
Batting: RHB Chris Davis
|
0-0: Called Strike 0-1: Swinging Strike 0-2: Ball 1-2: Ball 2-2: Strikes out swinging
|
|
Batting: RHB John Garland
|
0-0: Ball 1-0: Foul Ball, location: 2F 1-1: Ball 2-1: Ball 3-1: Base on Balls
|
|
Batting: SHB Reed Healey
|
0-0: Ball 1-0: Ball 2-0: Swinging Strike Passed Ball! John Garland to second 2-1: Ball 3-1: Foul Ball, location: 2F 3-2: Strikes out swinging
|
|
Batting: SHB Aaron Ruscigno
|
0-0: Ball Wild Pitch! John Garland to third 1-0: Fly out, F9 (Flyball, 89M, EV 87.5 MPH)
|
| Top of the 2nd over - 0 runs, 0 hits, 0 errors, 1 left on base; Trois-Riveres 1 - York 5 |
| BOTTOM OF THE 2ND |
|
York Revolution batting - Pitching for Trois-Riveres Aigles : RHP Andrew Wilson
|
|
Batting: RHB Dan Shaffer
|
0-0: Foul Ball, location: 2F 0-1: Swinging Strike 0-2: Strikes out swinging
|
|
Batting: LHB Mike Hawk
|
0-0: Called Strike 0-1: Called Strike 0-2: Ball 1-2: Strikes out swinging, 2-3 out at first.
|
|
Batting: RHB Juan Gonzalez
|
0-0: Called Strike 0-1: Fly out, F9 (Line Drive, 9, EV 89.4 MPH)
|
| Bottom of the 2nd over - 0 runs, 0 hits, 0 errors, 0 left on base; Trois-Riveres 1 - York 5 |
| TOP OF THE 3RD |
|
Trois-Riveres Aigles batting - Pitching for York Revolution : RHP Elijah McKay
|
|
Batting: SHB Josif Popovski
|
0-0: SINGLE (Groundball, 56, EV 96.9 MPH)
|
|
Batting: RHB Micah Logan
|
0-0: Called Strike 0-1: Foul Ball, location: 2F 0-2: Ball 1-2: Fielders Choice at 2nd, 6-4 (Groundball, 6, EV 85.0 MPH)
|
|
Batting: SHB Derek Weaver
|
0-0: Ball Wild Pitch! Micah Logan to second 1-0: Called Strike 1-1: Ball 2-1: Foul Ball, location: 2F 2-2: Fly out, F9 (Flyball, 9S, EV 84.4 MPH)
|
|
Batting: RHB Alistair Holmes
|
0-0: Called Strike 0-1: Called Strike 0-2: Ball 1-2: Ball 2-2: Ball 3-2: Strikes out swinging
|
| Top of the 3rd over - 0 runs, 1 hit, 0 errors, 1 left on base; Trois-Riveres 1 - York 5 |
| BOTTOM OF THE 3RD |
|
York Revolution batting - Pitching for Trois-Riveres Aigles : RHP Andrew Wilson
|
|
Batting: RHB Alexis Graciani
|
0-0: Ball 1-0: Ball 2-0: SOLO HOME RUN (Flyball, 78XD, EV 112.5 MPH), Distance : 457 ft
|
|
Batting: RHB Josh Jarvis
|
0-0: SINGLE (Groundball, 6MD, EV 108.8 MPH)
|
|
Batting: RHB Jonathan Steria
|
0-0: Fly out, F6 (Popup, 4MD, EV 66.9 MPH)
|
|
Batting: LHB Skyler Bright
|
0-0: Ball 1-0: Foul Ball, location: 2F 1-1: SINGLE (Line Drive, 8RS, EV 93.1 MPH) Josh Jarvis to second
|
|
Batting: RHB Justin Crowder
|
0-0: Foul Ball, location: 2F 0-1: Fly out, F2 (Popup, 23F, EV 90.0 MPH)
|
|
Batting: LHB Quincy Smart
|
0-0: Called Strike 0-1: Ball 1-1: Fly out, F5 (Popup, 5F, EV 67.5 MPH)
|
| Bottom of the 3rd over - 1 run, 3 hits, 0 errors, 2 left on base; Trois-Riveres 1 - York 6 |
| TOP OF THE 4TH |
|
Trois-Riveres Aigles batting - Pitching for York Revolution : RHP Elijah McKay
|
|
Batting: SHB Shafeeq bin Haytham
|
0-0: Ball 1-0: Ball 2-0: Called Strike 2-1: Swinging Strike 2-2: Ball 3-2: Strikes out looking
|
|
Batting: RHB Chris Davis
|
0-0: SINGLE (Groundball, 34D, EV 103.1 MPH)
|
|
Batting: RHB John Garland
|
0-0: Called Strike 0-1: Ball Passed Ball! Chris Davis to second 1-1: Foul Ball, location: 2F 1-2: Fly out, F9 (Line Drive, 9LM, EV 90.6 MPH)
|
|
Batting: SHB Reed Healey
|
0-0: Called Strike 0-1: Foul Ball, location: 2F 0-2: Foul Ball, location: 2F 0-2: Strikes out swinging
|
| Top of the 4th over - 0 runs, 1 hit, 0 errors, 1 left on base; Trois-Riveres 1 - York 6 |
| BOTTOM OF THE 4TH |
|
York Revolution batting - Pitching for Trois-Riveres Aigles : RHP Andrew Wilson
|
|
Batting: RHB Dan Shaffer
|
0-0: Ball 1-0: Foul Ball, location: 2F 1-1: Called Strike 1-2: Ball 2-2: Fly out, F7 (Flyball, 7, EV 96.9 MPH)
|
|
Batting: LHB Mike Hawk
|
0-0: Foul Ball, location: 2F 0-1: Foul Ball, location: 2F 0-2: Ball 1-2: Foul Ball, location: 2F 1-2: Fly out, F8 (Flyball, 89M, EV 89.4 MPH)
|
|
Batting: RHB Juan Gonzalez
|
0-0: Foul Ball, location: 2F 0-1: Ball 1-1: Ground out 6-3 (Groundball, 6D, EV 110.0 MPH)
|
| Bottom of the 4th over - 0 runs, 0 hits, 0 errors, 0 left on base; Trois-Riveres 1 - York 6 |
| TOP OF THE 5TH |
|
Trois-Riveres Aigles batting - Pitching for York Revolution : RHP Elijah McKay
|
|
Batting: SHB Aaron Ruscigno
|
0-0: SOLO HOME RUN (Line Drive, 9LD, EV 97.5 MPH), Distance : 365 ft
|
|
Batting: SHB Josif Popovski
|
0-0: Ball 1-0: Ground out 5-3 (Groundball, 56S, EV 67.5 MPH)
|
|
Batting: RHB Micah Logan
|
0-0: Called Strike 0-1: SINGLE (Line Drive, 34D, EV 102.5 MPH)
|
|
Batting: SHB Derek Weaver
|
0-0: Ball 1-0: Fly out, F9 (Line Drive, 9, EV 105.6 MPH)
|
|
Batting: RHB Alistair Holmes
|
0-0: Ball 1-0: Ball 2-0: Ball Passed Ball! Micah Logan to second 3-0: Called Strike 3-1: Base on Balls
|
|
Pitching: LHP Carlton Hookway
|
|
|
Batting: SHB Shafeeq bin Haytham
|
0-0: Foul Ball, location: 2F 0-1: Ball 1-1: Fielders Choice at 2nd, 5-4 (Groundball, 5L, EV 81.9 MPH)
|
| Top of the 5th over - 1 run, 2 hits, 0 errors, 2 left on base; Trois-Riveres 2 - York 6 |
| BOTTOM OF THE 5TH |
|
York Revolution batting - Pitching for Trois-Riveres Aigles : RHP Andrew Wilson
|
|
Batting: RHB Alexis Graciani
|
0-0: Ball 1-0: Ball 2-0: Ground out 1-3 (Groundball, 13S, EV 72.5 MPH)
|
|
Batting: RHB Josh Jarvis
|
0-0: Ball 1-0: SINGLE (Line Drive, 9S, EV 90.0 MPH)
|
|
Batting: RHB Jonathan Steria
|
0-0: Foul Ball, location: 2F 0-1: SINGLE (Line Drive, 6D, EV 96.9 MPH) Josh Jarvis to second
|
|
Batting: LHB Skyler Bright
|
0-0: Fly out, F9 (Flyball, 9S, EV 83.1 MPH)
|
|
Batting: RHB Justin Crowder
|
0-0: Called Strike 0-1: 3-RUN HOME RUN (Flyball, 7D, EV 97.5 MPH), Distance : 367 ft
|
|
Batting: LHB Quincy Smart
|
0-0: Called Strike 0-1: Ball 1-1: Called Strike 1-2: Strikes out swinging
|
| Bottom of the 5th over - 3 runs, 3 hits, 0 errors, 0 left on base; Trois-Riveres 2 - York 9 |
| TOP OF THE 6TH |
|
Trois-Riveres Aigles batting - Pitching for York Revolution : LHP Carlton Hookway
|
|
Batting: RHB Chris Davis
|
0-0: Fly out, F9 (Flyball, 9S, EV 85.6 MPH)
|
|
Batting: RHB John Garland
|
0-0: Swinging Strike 0-1: Swinging Strike 0-2: Ball 1-2: Strikes out swinging
|
|
Batting: SHB Reed Healey
|
0-0: Called Strike 0-1: Foul Ball, location: 2F 0-2: Foul Ball, location: 2F 0-2: Reached on error, E4 (Groundball, 4, EV 85.6 MPH)
|
|
Batting: SHB Aaron Ruscigno
|
0-0: SINGLE (Line Drive, 78S, EV 110.6 MPH) Reed Healey to third Runner from 3rd tries for Home, throw by LF and OUT! 7-2
|
| Top of the 6th over - 0 runs, 1 hit, 1 error, 1 left on base; Trois-Riveres 2 - York 9 |
| BOTTOM OF THE 6TH |
|
York Revolution batting - Pitching for Trois-Riveres Aigles : RHP Andrew Wilson
|
|
Batting: RHB Dan Shaffer
|
0-0: Ball 1-0: Hit by Pitch
|
|
Batting: LHB Mike Hawk
|
0-0: Foul Ball, location: 2F 0-1: Fly out, F7 (Line Drive, 78M, EV 97.5 MPH)
|
|
Pitching: RHP Johnny Westcott
|
|
|
Batting: RHB Juan Gonzalez
|
0-0: Called Strike 0-1: Called Strike Dan Shaffer steals 2nd base 0-2: Ground out 6-3 (Groundball, 56, EV 104.4 MPH)
|
|
Batting: RHB Alexis Graciani
|
0-0: Ball 1-0: Ball 2-0: Ball 3-0: Called Strike 3-1: Base on Balls
|
|
Batting: RHB Josh Jarvis
|
0-0: Ball 1-0: Fielders Choice at 2nd, 6-4 (Groundball, 6, EV 86.9 MPH)
|
| Bottom of the 6th over - 0 runs, 0 hits, 0 errors, 2 left on base; Trois-Riveres 2 - York 9 |
| TOP OF THE 7TH |
|
Trois-Riveres Aigles batting - Pitching for York Revolution : LHP Carlton Hookway
|
|
Batting: SHB Josif Popovski
|
0-0: Swinging Strike 0-1: Called Strike 0-2: Ball 1-2: Foul Ball, location: 2F 1-2: Ball 2-2: SOLO HOME RUN (Line Drive, 89XD, EV 111.2 MPH), Distance : 417 ft
|
|
Batting: RHB Micah Logan
|
0-0: Called Strike 0-1: Called Strike 0-2: Ball 1-2: Foul Ball, location: 2F 1-2: Ball 2-2: Strikes out swinging
|
|
Pitching: RHP Lee Williams
|
|
|
Batting: SHB Derek Weaver
|
0-0: Ground out U3 (Groundball, 3, EV 80.6 MPH)
|
|
Batting: RHB Alistair Holmes
|
0-0: Fly out, F4 (Line Drive, 4, EV 66.9 MPH)
|
| Top of the 7th over - 1 run, 1 hit, 0 errors, 0 left on base; Trois-Riveres 3 - York 9 |
| BOTTOM OF THE 7TH |
|
York Revolution batting - Pitching for Trois-Riveres Aigles : RHP Johnny Westcott
|
|
Batting: RHB Jonathan Steria
|
0-0: Called Strike 0-1: Ball 1-1: Ground out 5-3 (Groundball, 56, EV 102.5 MPH)
|
|
Batting: LHB Skyler Bright
|
0-0: Swinging Strike 0-1: Ball 1-1: Foul Ball, location: 2F 1-2: Foul Ball, location: 2F 1-2: Ball 2-2: Foul Ball, location: 2F 2-2: Foul Ball, location: 2F 2-2: Fly out, F8 (Flyball, 8LD, EV 103.1 MPH)
|
|
Batting: RHB Justin Crowder
|
0-0: Ground out U3 (Groundball, 3S, EV 78.8 MPH)
|
| Bottom of the 7th over - 0 runs, 0 hits, 0 errors, 0 left on base; Trois-Riveres 3 - York 9 |
| TOP OF THE 8TH |
|
Trois-Riveres Aigles batting - Pitching for York Revolution : RHP Lee Williams
|
|
Batting: SHB Shafeeq bin Haytham
|
0-0: Ball 1-0: Ball 2-0: Foul Ball, location: 2F 2-1: Ball 3-1: Foul Ball, location: 2F 3-2: SINGLE (Line Drive, 8LS, EV 103.8 MPH)
|
|
Batting: RHB Chris Davis
|
0-0: Ball 1-0: SINGLE (Groundball, 56, EV 101.2 MPH) Shafeeq bin Haytham to second
|
|
Batting: RHB John Garland
|
0-0: Foul Ball, location: 2F 0-1: Fly out, F7 (Flyball, 78S, EV 88.8 MPH)
|
|
Batting: SHB Reed Healey
|
0-0: Called Strike 0-1: Called Strike 0-2: Fielders Choice at 2nd, 6-4 (Groundball, 6, EV 108.1 MPH) Shafeeq bin Haytham to third
|
|
Batting: SHB Aaron Ruscigno
|
0-0: Ball 1-0: Ball 2-0: Ball 3-0: Called Strike 3-1: Base on Balls Reed Healey to second
|
|
Batting: SHB Josif Popovski
|
0-0: Ball Wild Pitch! Shafeeq bin Haytham scores Reed Healey to third Aaron Ruscigno to second 1-0: Called Strike 1-1: Foul Ball, location: 2F 1-2: Foul Ball, location: 2F 1-2: Foul Ball, location: 2F 1-2: Ball 2-2: Foul Ball, location: 2F 2-2: SINGLE (Flyball, 56D, EV 91.2 MPH) Reed Healey scores Aaron Ruscigno to third
|
|
Batting: RHB Micah Logan
|
0-0: Foul Ball, location: 2F 0-1: Called Strike 0-2: Ball 1-2: Fly out, F8 (Flyball, 8RXD, EV 97.5 MPH)
|
| Top of the 8th over - 2 runs, 3 hits, 0 errors, 2 left on base; Trois-Riveres 5 - York 9 |
| BOTTOM OF THE 8TH |
|
York Revolution batting - Pitching for Trois-Riveres Aigles : RHP Johnny Westcott
|
|
Batting: LHB Quincy Smart
|
0-0: Ball 1-0: Ball 2-0: Swinging Strike 2-1: Foul Ball, location: 2F 2-2: Strikes out swinging
|
|
Batting: RHB Dan Shaffer
|
0-0: Called Strike 0-1: Swinging Strike 0-2: Strikes out swinging
|
|
Batting: LHB Mike Hawk
|
0-0: Foul Ball, location: 2F 0-1: Ball 1-1: Called Strike 1-2: Ball 2-2: Foul Ball, location: 2F 2-2: Strikes out swinging
|
| Bottom of the 8th over - 0 runs, 0 hits, 0 errors, 0 left on base; Trois-Riveres 5 - York 9 |
| TOP OF THE 9TH |
|
Trois-Riveres Aigles batting - Pitching for York Revolution : RHP Lee Williams
|
|
Batting: SHB Derek Weaver
|
0-0: Ground out 4-3 (Groundball, 4, EV 106.9 MPH)
|
|
Batting: RHB Alistair Holmes
|
0-0: Reached on error, E6 (Groundball, 6, EV 100.6 MPH)
|
|
Pinch Hitting: RHB Christopher Arnett
|
0-0: Foul Ball, location: 2F 0-1: Ball 1-1: Called Strike 1-2: Ball Wild Pitch! Alistair Holmes to third 2-2: Fly out, F8 (Flyball, 89D, EV 103.8 MPH) Runner from 3rd tags up, SCORES, no throw by CF
|
|
Pitching: RHP Jim Lurte
|
|
|
Batting: RHB Chris Davis
|
0-0: Foul Ball, location: 2F 0-1: Ball 1-1: Fly out, F8 (Flyball, 8LD, EV 93.1 MPH)
|
| Top of the 9th over - 1 run, 0 hits, 1 error, 0 left on base; Trois-Riveres 6 - York 9 |
|